 Dungeon Crawl Stone Soup version 0.29.0-4-gdea44cf6ec (webtiles) character file.

Game seed: 15736049079017145495

1062 qw the Cleaver (level 8, -1/46 HPs)
             Began as a Tengu Warper on Aug 29, 2022.
             Slain by Pikel
             ... wielding a +1 whip of flaming
              (3 damage)
             ... on level 5 of the Dungeon.
             The game lasted 00:01:49 (6101 turns).

qw the Cleaver (Tengu Warper)                       Turns: 6101, Time: 00:01:51

Health: -1/46      AC: 11    Str: 14    XL:     8   Next: 27%
Magic:  12/12      EV:  8    Int: 13    God:
Gold:   330        SH:  0    Dex: 14    Spells: 11/11 levels left

rFire   . . .      SeeInvis .   Y - +0 broad axe
rCold   . . .      Faith    .   (no shield)
rNeg    . . .      Spirit   .   b - +0 chain mail
rPois   .          Reflect  .   (helmet restricted)
rElec   .          Harm     .   (no cloak)
rCorr   +          Rampage  .   i - +1 pair of gloves
Will    .....                   (boots unavailable)
Stlth   ..........              (no amulet)
HPRegen 0.15/turn               n - ring of resist corrosion
MPRegen 0.13/turn               (no ring)

@: flying quickly and evasively, quick
A: beak, talons 3, nimble flight
a: no special abilities


You were on level 5 of the Dungeon.
You visited 1 branch of the dungeon, and saw 5 of its levels.

You collected 374 gold pieces.
You spent 44 gold pieces at shops.


Innate Abilities, Weirdness & Mutations

You have a beak for a mouth.
You have claws for feet.
Your magical nature lets you fly swiftly and evasively.


   Skills:
 + Level 3.2 Fighting
 - Level 9.3 Axes
 - Level 2.5 Throwing
 - Level 3.0 Armour
 - Level 2.1 Dodging
 - Level 2.0 Spellcasting
 - Level 2.4 Translocations


You had 11 spell levels left.
You didn't know any spells.
Your spell library contained the following spells:

 Spells                   Type           Power      Damage    Failure   Level
 Blink                    Tloc           14%        N/A       98%         2
 Gell's Gravitas          Tloc           7%         N/A       100%        3
 Lesser Beckoning         Tloc           7%         N/A       100%        3
 Teleport Other           Tloc           7%         N/A       100%        3
 Manifold Assault         Tloc           7%         N/A       100%        5

Inventory:

Hand Weapons
 o - a +2 flail of holy wrath
 Y - a +0 broad axe (weapon)
Missiles
 g - a javelin (quivered)
 h - 3 boomerangs
Armour
 b - a +0 chain mail (worn)
 i - a +1 pair of gloves (worn)
 j - a +0 cloak
Jewellery
 n - a ring of resist corrosion (left hand)
Scrolls
 c - 4 scrolls of identify
Potions
 a - 6 potions of haste
 d - a potion of invisibility {unknown}
 e - a potion of attraction {unknown}
 f - a potion of resistance {unknown}
 k - a potion of ambrosia {unknown}
 l - a potion of might {unknown}
 m - a potion of mutation {unknown}

Dungeon Overview and Level Annotations

Branches:
Dungeon (5/15)
 Temple: D:4-7

Altars:
Ashenzari
Gozag
Yredelemnul
Zin

Shops:
D:4 *

Annotations:
D:5 Pikel


Message History

You hit Pikel. You barely miss the lemure. You closely miss the lemure.
Pikel barely misses you.
The lemure hits you but does no damage. x2
The lemure barely misses you.
You hit the lemure.
You kill the lemure!
That felt strangely unrewarding.
You hit Pikel. You slash the lemure! You hit the lemure.
Pikel hits you with a +1 whip of flaming!
Pikel burns you. The lemure hits you. The lemure barely misses you.
You slash the lemure! Your kick misses the lemure.
The lemure is almost dead.
You hit the lemure. You barely miss Pikel. You hit the lemure.
Pikel hits you but does no damage. The lemure hits you but does no damage.
The lemure hits you. x2
You slash the lemure!
You kill the lemure!
That felt strangely unrewarding.
You closely miss Pikel. You hit the lemure. You completely miss the lemure.
Pikel hits you but does no damage. The lemure completely misses you.
The lemure hits you but does no damage.
You barely miss Pikel. Your kick misses Pikel. Your peck misses Pikel.
Pikel is moderately wounded.
You slash the lemure! You miss the lemure. Pikel hits you but does no damage.
The lemure barely misses you. The lemure closely misses you.
You slash the lemure!
The lemure is almost dead.
You barely miss Pikel. You hit the lemure. Pikel hits you but does no damage.
The lemure hits you but does no damage. x2
Pikel closely misses you.
The lemure hits you but does no damage. x2
You hit the lemure but do no damage. Your kick misses the lemure.
The lemure is almost dead.
You closely miss Pikel. You miss the lemure.
Pikel hits you with a +1 whip of flaming.
Pikel burns you. The lemure hits you. The lemure barely misses you.
You closely miss the lemure. Your kick misses the lemure.
The lemure is almost dead.
You hit the lemure. You completely miss Pikel.
Pikel hits you with a +1 whip of flaming.
You die...

#....#.#......#.....
#......#.###.###.###
###'##.........#.###
####.####............
#....# #.......##...
###.##### #.......##...
#.......# #.......##...
#.......# #.......##...
#..<..@.# #............
#....5K5# #............
#.......# #............
#......<. #............
#........########....##
..........# ######
.........(# ....##...(#


You could see Pikel and 2 lemures.

Vanquished Creatures
  Sigmund (D:2)
  Edmund (D:5)
  A water moccasin (D:3)
  An ice beast (D:5)
  A black bear (D:5)
  An ogre (D:5)
  2 lemures (D:5)
  A howler monkey (D:4)
  An orc priest (D:5)
  2 hounds (D:4)
  An iguana (D:5)
  Natasha (thrice) (D:4)
  An orc wizard (D:3)
  6 adders
  A white imp (D:5)
  An ufetubus (D:5)
  2 worms (D:2)
  4 dart slugs (D:1)
  13 orcs
  10 ball pythons
  7 endoplasms
  2 giant cockroaches (D:4)
  5 goblins
  7 hobgoblins
  2 quokkas (D:1)
  3 bats
  3 frilled lizards
  3 kobolds
  2 rats (D:1)
  A spectral goblin (D:1)
89 creatures vanquished.

Notes
Turn   | Place    | Note
-------+----------+-------------------------------------------
     0 | D:1      | qw the Tengu Warper began the quest for the Orb.
     0 | D:1      | Reached XP level 1. HP: 12/12 MP: 4/4
     0 | D:1      | 0 ||| qw: Version: 0.1-a-89-g26bdef1
     0 | D:1      | 0 ||| qw: Game counter: 3514
     0 | D:1      | 0 ||| qw: Always use a shield: true
     0 | D:1      | 0 ||| qw: God list: Okawaru
     0 | D:1      | 0 ||| qw: Allow faded altars: false
     0 | D:1      | 0 ||| qw: Do Orc after D:15 true
     0 | D:1      | 0 ||| qw: Do second Lair branch before Depths: true
     0 | D:1      | 0 ||| qw: Lair rune preference: random
     0 | D:1      | 0 ||| qw: Plans: Normal
     0 | D:1      | 0 ||| PLANNING D:1-11
   119 | D:1      | 119 ||| Stepping ~*~*~tactically~*~*~ (stealth).
   149 | D:1      | Reached XP level 2. HP: 17/17 MP: 6/6
   154 | D:1      | Reached skill level 3 in Axes
   168 | D:1      | Found a faded altar of an unknown god.
   170 | D:1      | 170 ||| Stepping ~*~*~tactically~*~*~ (stealth).
   171 | D:1      | 171 ||| Stepping ~*~*~tactically~*~*~ (stealth).
   175 | D:1      | 175 ||| Stepping ~*~*~tactically~*~*~ (stealth).
   228 | D:1      | 228 ||| Stepping ~*~*~tactically~*~*~ (hiding).
   463 | D:1      | 463 ||| Stepping ~*~*~tactically~*~*~ (hiding).
   565 | D:1      | 565 ||| Stepping ~*~*~tactically~*~*~ (hiding).
   667 | D:1      | 667 ||| Stepping ~*~*~tactically~*~*~ (hiding).
   769 | D:1      | 769 ||| Stepping ~*~*~tactically~*~*~ (hiding).
   894 | D:1      | Reached XP level 3. HP: 19/20 MP: 7/7
  1005 | D:1      | 1005 ||| Stepping ~*~*~tactically~*~*~ (stealth).
  1006 | D:1      | 1006 ||| Stepping ~*~*~tactically~*~*~ (stealth).
  1008 | D:1      | 1008 ||| Stepping ~*~*~tactically~*~*~ (stealth).
  1014 | D:1      | 1014 ||| Stepping ~*~*~tactically~*~*~ (stealth).
  1016 | D:1      | 1016 ||| Stepping ~*~*~tactically~*~*~ (stealth).
  1021 | D:1      | 1021 ||| Stepping ~*~*~tactically~*~*~ (stealth).
  1053 | D:1      | 1053 ||| DROPPING +0 club.
  1133 | D:1      | Reached skill level 4 in Axes
  1177 | D:1      | 1177 ||| Stepping ~*~*~tactically~*~*~ (stealth).
  1394 | D:1      | 1394 ||| READING scroll labelled DEUD OSKAU.
  1395 | D:1      | 1395 ||| DROPPING scroll of blinking.
  1799 | D:2      | Reached XP level 4. HP: 23/26 MP: 8/8
  1800 | D:2      | 1800 ||| FLEEEEING.
  1801 | D:2      | 1801 ||| FLEEEEING.
  1850 | D:2      | 1850 ||| Stepping ~*~*~tactically~*~*~ (stealth).
  1882 | D:2      | 1882 ||| Stepping ~*~*~tactically~*~*~ (stealth).
  1883 | D:2      | 1883 ||| Stepping ~*~*~tactically~*~*~ (stealth).
  2132 | D:2      | Noticed Sigmund
  2133 | D:2      | 2133 ||| Stepping ~*~*~tactically~*~*~ (hiding).
  2236 | D:2      | 2236 ||| Stepping ~*~*~tactically~*~*~ (hiding).
  2249 | D:2      | HP: 3/26 [Sigmund/+0 scythe (10)]
  2251 | D:2      | Killed Sigmund
  2252 | D:2      | Reached skill level 6 in Axes
  2252 | D:2      | Gained mutation: Your magical nature lets you fly swiftly
                  | and evasively. [Tengu growth]
  2252 | D:2      | Reached XP level 5. HP: 4/30 MP: 9/9
  2252 | D:2      | Reached XP level 6. HP: 4/35 MP: 10/10
  2659 | D:2      | 2659 ||| UPGRADING to +0 ring mail.
  2669 | D:2      | 2669 ||| DROPPING +0 leather armour.
  2670 | D:2      | 2670 ||| READING 3 scrolls labelled GOFFA GUZI.
  2671 | D:2      | 2671 ||| READING 2 scrolls labelled PISUDE CASH.
  2672 | D:2      | 2672 ||| READING scroll labelled ZECSIO ZOCAOL.
  2676 | D:2      | 2676 ||| DRINKING 4 fuming blue potions.
  2677 | D:2      | 2677 ||| READING 2 scrolls of identify.
  2677 | D:2      | 2677 ||| IDENTIFYING fuming silvery potion
  2678 | D:2      | 2678 ||| DROPPING potion of degeneration.
  2679 | D:2      | 2679 ||| DROPPING scroll of vulnerability.
  2686 | D:3      | Noticed a water moccasin
  2707 | D:3      | Killed a water moccasin
  2708 | D:3      | Reached skill level 7 in Axes
  2712 | D:3      | HP: 8/35 [poisoned by a water moccasin]
  3027 | D:3      | Found a glowing silver altar of Zin.
  3085 | D:3      | Found a basalt altar of Yredelemnul.
  3317 | D:3      | 3317 ||| Stepping ~*~*~tactically~*~*~ (hiding).
  3319 | D:3      | 3319 ||| Stepping ~*~*~tactically~*~*~ (hiding).
  3339 | D:3      | 3339 ||| FLEEEEING.
  3384 | D:3      | 3384 ||| Stepping ~*~*~tactically~*~*~ (stealth).
  3458 | D:3      | 3458 ||| Stepping ~*~*~tactically~*~*~ (hiding).
  3460 | D:3      | 3460 ||| Stepping ~*~*~tactically~*~*~ (hiding).
  3732 | D:3      | 3732 ||| Stepping ~*~*~tactically~*~*~ (stealth).
  3734 | D:3      | 3734 ||| Stepping ~*~*~tactically~*~*~ (stealth).
  3738 | D:3      | 3738 ||| Stepping ~*~*~tactically~*~*~ (stealth).
  3755 | D:3      | Found an opulent altar of Gozag.
  3873 | D:3      | 3873 ||| UPGRADING to +0 chain mail.
  3883 | D:3      | 3883 ||| DROPPING +0 ring mail.
  3884 | D:3      | 3884 ||| UPGRADING to +1 pair of gloves.
  3889 | D:3      | 3889 ||| READING scroll labelled FOANOR RIUC.
  3940 | D:4      | 3940 ||| Stepping ~*~*~tactically~*~*~ (stealth).
  3978 | D:4      | Found Jadd's Mayhem Merchandise.
  3997 | D:4      | 3997 ||| BUYING +0 broad axe (44 gold).
  3997 | D:4      | Bought a +0 broad axe for 44 gold pieces
  3997 | D:4      | 3997 ||| SHOPLISTING +1 eveningstar "Carch" {vorpal, rC-
                  | rN++ Will+ Int+2 Dex+2} (572 gold, have 169).
  3997 | D:4      | 3997 ||| SHOPLISTING +6 shillelagh "Devastator" {shatter}
                  | (660 gold, have 169).
  3997 | D:4      | 3997 ||| SWAPPING to +0 broad axe.
  3998 | D:4      | 3998 ||| DROPPING +0 hand axe.
  4078 | D:4      | 4078 ||| Stepping ~*~*~tactically~*~*~ (stealth).
  4088 | D:4      | Reached XP level 7. HP: 40/40 MP: 11/11
  4234 | D:4      | Reached skill level 3 in Fighting
  4286 | D:4      | Noticed Natasha
  4296 | D:4      | Killed Natasha
  4470 | D:4      | Noticed Natasha
  4471 | D:4      | 4471 ||| Stepping ~*~*~tactically~*~*~ (stealth).
  4476 | D:4      | Killed Natasha
  4528 | D:4      | Noticed Natasha
  4535 | D:4      | Killed Natasha
  4643 | D:4      | Reached skill level 8 in Axes
  4930 | D:4      | 4930 ||| UPGRADING to ring of resist corrosion.
  4931 | D:4      | 4931 ||| READING scroll labelled ADARAUL BOS.
  4932 | D:4      | 4932 ||| READING scroll labelled DEXZOE CARI.
  4937 | D:5      | Entered Level 5 of the Dungeon
  4961 | D:5      | 4961 ||| Stepping ~*~*~tactically~*~*~ (hiding).
  4969 | D:5      | Found a broken altar of Ashenzari.
  4975 | D:5      | Reached skill level 3 in Armour
  5218 | D:5      | 5218 ||| Stepping ~*~*~tactically~*~*~ (hiding).
  5230 | D:5      | HP: 5/41 [ogre/+0 giant spiked club (13)]
  5769 | D:5      | Reached XP level 8. HP: 36/46 MP: 12/12
  5842 | D:5      | Noticed Edmund
  5856 | D:5      | Killed Edmund
  5857 | D:5      | Reached skill level 9 in Axes
  6039 | D:5      | 6039 ||| DROPPING +0 whip.
  6087 | D:5      | Noticed Pikel
  6096 | D:5      | HP: 11/46 [lemure[Pikel] (5)]
  6100 | D:5      | HP: 2/46 [lemure[Pikel] (4)]
  6101 | D:5      | Slain by Pikel

Levels and vault maps discovered:
D:1:      nzn_arrival_water_spiral, layout_rooms,
          dreamdust_ecumenical_altar_drowned_temple
D:2:      layout_loops_cross, uniq_sigmund
D:3:      layout_basic, pdpol_temple_overflow_zin_treasury_gozag_greed,
          mainiacjoe_overflow_six_doors_small, serial_glass, glass_columns_a,
          glass_columns_c, due_unseen_surprise
D:4:      layout_loops_ring, minmay_misc_feat_pillars, minmay_shop_mayhem,
          kennysheep_generic_room_13, uniq_natasha
D:5:      layout_basic, evilmike_ruin_ashenzari, uniq_pikel, uniq_edmund

Skill      XL: |  1  2  3  4  5  6  7  8 |
---------------+-------------------------+-----
Axes           | 3 4 6 7 8 9 |  9.3
Armour         | 2 3 |  3.0
Fighting       | 3 |  3.2
Throwing       | 2 |  2.5
Dodging        | |  2.1
Spellcasting   | |  2.0
Translocations | |  2.4

Action                   |  1- 3 |  4- 6 |  7- 9 || total
-------------------------+-------+-------+-------++-------
Melee: Hand axe          |    64 |    69 |       ||   133
       Kick              |    16 |    13 |    23 ||    52
       Punch             |     2 |       |       ||     2
       Peck              |    10 |     9 |    12 ||    31
       Broad axe         |       |     9 |    86 ||    95
Throw: Boomerang         |     7 |       |       ||     7
       Javelin           |    23 |    22 |    25 ||    70
  Use: Scroll            |     1 |     5 |     2 ||     8
       Potion            |       |     1 |       ||     1
Armor: Leather armour    |    16 |     1 |       ||    17
       Chain mail        |       |    12 |    59 ||    71
       Ring mail         |       |     8 |       ||     8
Dodge: Dodged            |    30 |    26 |    38 ||    94

Table legend:
 A = Non-vault XP
 B = Vault XP
 C = Vault XP percentage of total XP
 D = Non-vault monster count
 E = Vault monster count
 F = Vault count percentage of total count
                 A         B        C        D         E       F
            +---------+---------+-------+---------+---------+-------
      Total |    1039 |     479 |  31.6 |      82 |       5 |   5.7
            +---------+---------+-------+---------+---------+-------
        D:1 |      55 |       1 |   1.8 |      27 |       1 |   3.6
        D:2 |      42 |     223 |  84.2 |      15 |       1 |   6.2
        D:3 |     215 |       0 |   0.0 |      13 |       0 |   0.0
        D:4 |     242 |      77 |  24.1 |      17 |       2 |  10.5
        D:5 |     485 |     178 |  26.8 |      10 |       1 |   9.1
            +---------+---------+-------+---------+---------+-------
